 Dungeon Crawl Stone Soup version 0.29.0-7-g18a832c13a (webtiles) character file.

Game seed: 8614088281203548128

4147 purpskrrrp the Grappler (level 10, -11/91 HPs)
             Began as a Troll Fighter on Aug 30, 2022.
             Was a Believer of Wu Jian.
             Mangled by an orc warrior
             ... wielding a +0 bardiche
              (24 damage)
             ... in a bailey.
             The game lasted 00:17:36 (5452 turns).

purpskrrrp the Grappler (Troll Fighter)             Turns: 5452, Time: 00:17:37

Health: -11/91     AC:  8    Str: 30    XL:     10   Next: 7%
Magic:  9/9        EV: 13    Int:  4    God:    Wu Jian [**....]
Gold:   343        SH: 12    Dex:  9    Spells: 9/9 levels left

rFire   . . .      SeeInvis .     - Unarmed
rCold   . . .      Faith    .   b - +3 kite shield
rNeg    . . .      Spirit   .   t - +0 steam dragon scales
rPois   .          Reflect  .   (helmet restricted)
rElec   .          Harm     .   A - +0 cloak {rCorr}
rCorr   +          Rampage  .   (gloves unavailable)
Will    .....      Rage     3%  (boots unavailable)
Stlth   +.........              h - amulet of the acrobat
HPRegen 1.05/turn               q - +4 ring of evasion
MPRegen 0.11/turn               (no ring)

@: mighty
A: large, unfitting armour, claws 3, regeneration 1, shaggy fur 1, tough skin 1,
berserk 1, sense surroundings 1
a: Renounce Religion, Wall Jump


You were in a bailey.
You worshipped Wu Jian.
Wu Jian was pleased with you.
You visited 1 branch of the dungeon, and saw 7 of its levels.
You also visited: Bailey.

You collected 343 gold pieces.

Inventory:

Hand Weapons
 p - a +0 giant spiked club
 r - a +0 lajatang
 C - a +3 battleaxe
Missiles
 n - 8 javelins (quivered)
Armour
 a - a +0 robe
 b - a +3 kite shield (worn)
 t - +0 steam dragon scales (worn)
 A - a +0 cloak of preservation (worn)
Jewellery
 h - an amulet of the acrobat (around neck)
 q - a +4 ring of evasion (left claw)
Wands
 s - a wand of charming (8)
 u - a wand of polymorph (7)
 w - a wand of iceblast (12)
 y - a wand of light (10)
Scrolls
 f - a scroll of summoning
 k - 6 scrolls of teleportation
 x - a scroll of magic mapping
 z - a scroll of enchant weapon
 B - 3 scrolls of silence
Potions
 d - 2 potions of degeneration
 e - 4 potions of attraction
 g - a potion of lignification
 i - 2 potions of resistance
 j - a potion of haste
 l - 2 potions of curing
 m - 2 potions of brilliance
 o - a potion of cancellation
 v - a potion of invisibility


   Skills:
 + Level 3.5 Fighting
 + Level 4.8 Dodging
 + Level 1.0 Stealth
 * Level 7.7 Shields
 * Level 10.8 Unarmed Combat


You had 9 spell levels left.
You didn't know any spells.
Your spell library contained the following spells:

 Spells                   Type           Power      Damage    Failure   Level
 Sandblast                Erth           0%         2d4       75%         1
 Shock                    Conj/Air       0%         1d3       75%         1
 Passwall                 Tmut/Erth      0%         N/A       86%         2
 Static Discharge         Conj/Air       0%         3-3/arc   86%         2
 Dazzling Flash           Conj/Hex       0%         N/A       98%         3
 Ozocubu's Armour         Ice            0%         N/A       98%         3
 Portal Projectile        Hex/Tloc       0%         N/A       98%         3
 Stone Arrow              Conj/Erth      0%         3d7       98%         3
 Swiftness                Air            0%         N/A       98%         3
 Tukima's Dance           Hex            0%         N/A       98%         3
 Airstrike                Air            0%         2d(0-16)  100%        4
 Iskenderun's Mystic Bla  Conj/Tloc      0%         2d3       100%        4
 Passage of Golubria      Tloc           0%         N/A       100%        4
 Blade Hands              Tmut           0%         N/A       100%        5
 Lightning Bolt           Conj/Air       0%         1d11      100%        5
 Yara's Violent Unravell  Hex/Tmut       0%         3d3       100%        5
 Starburst                Conj/Fire      0%         6d3       100%        6
 Ozocubu's Refrigeration  Ice            0%         4d7       100%        7
 Maxwell's Capacitive Co  Air            0%         ∞         100%        8


Dungeon Overview and Level Annotations

Branches:
Dungeon (7/15)             Temple (0/1) D:7          Bailey (1/1)

Altars:
Hepliaklqana
Makhleb
Ru
Uskayaw
Wu Jian
Xom

Shops:
D:7 ?


Innate Abilities, Weirdness & Mutations

You are too large for most types of armour.
You have claws for hands.
Your natural rate of healing is unusually fast.
You are covered in fur. (AC +1)
You have tough skin. (AC +1)
You sometimes lose your temper in combat.
You passively map a small area around you.


Message History

You are too injured to fight recklessly!
You are too injured to fight recklessly!
You are too injured to fight recklessly!
You are too injured to fight recklessly!
You are too injured to fight recklessly!
You are too injured to fight recklessly!
You are too injured to fight recklessly!
You are too injured to fight recklessly!
You are too injured to fight recklessly!
You barely miss the orc warrior.
The orc warrior is almost dead.
The orc warrior hits you with a +0 halberd!!
* * * LOW HITPOINT WARNING * * *
The orc warrior closely misses you. The orc closely misses you.
The orc warrior misses you.
You claw the orc warrior!
You kill the orc warrior!
The Council accepts your kill.
You block the orc warrior's attack. x2; The orc misses you.
You feel very mighty all of a sudden. The orc barely misses you.
You block the orc warrior's attack. x2
You lunge at the orc, in a flurry of attacks.
You barely miss the orc. You mangle the orc!!
You kill the orc!
The Council accepts your kill. You block the orc warrior's attack.
The orc misses you. x2
You scratch the orc warrior.
The orc warrior is lightly wounded.
The orc warrior closely misses you.
The orc hits you from afar with a +0 halberd.
* * * LOW HITPOINT WARNING * * *
The orc hits you but does no damage. You block the orc warrior's attack.
You closely miss the orc warrior.
The orc warrior is lightly wounded.
You block the orc warrior's attack.
The orc hits you from afar with a +0 halberd!
* * * LOW HITPOINT WARNING * * *
The orc closely misses you.
The orc warrior hits you with a +0 bardiche!!
You die...

#≈..#.≈≈.≈.≈≈≈≈≈.≈.≈≈.#.
#≈..##.≈.≈≈.....≈≈.≈.##.
#≈..⌠#.≈≈.≈≈≈.≈≈≈.≈≈.#⌠.
#≈...#..≈≈..≈.≈..≈≈.)#..
#≈.).#.⌠.≈≈≈...≈≈≈.⌠.#..
#≈)).##....≈≈≈≈≈....##).
#≈....#####.....#####...
##.)..)o)⌠#######⌠......
##.).)@.o........)..)..
##..).oo)...)........#
#########'''#########
≈≈≈ ~#...#~ ~ ≈≈≈≈
#.o.#~~ ~ ~ ≈≈≈≈≈ #o..#
≈ * ≈≈≈..≈#o..#≈..≈~~ ~
≈..≈≈≈.....≈≈≈.
.≈≈≈.oo......≈≈


You could see 2 orc warriors and 2 orcs.

Vanquished Creatures
  Eustachio (D:5)
  4 steam dragons
  Menkaure (D:5)
  Edmund (D:4)
  A water moccasin (D:6)
  3 ice beasts
  2 black bears
  8 orc warriors
  3 ogres
  2 centaurs (Bailey)
  A phantom (D:4)
  2 kobold brigands
  2 scorpions
  2 necrophages
  7 wights (D:6)
  3 killer bees (D:7)
  A howler monkey (D:6)
  A jelly (D:4)
  3 orc priests
  Crazy Yiuf (D:5)
  2 iguanas
  3 orc wizards (D:6)
  6 adders
  2 white imps
  2 worms
  4 dart slugs
  34 orcs
  6 ball pythons
  10 bats
  4 endoplasms
  3 giant cockroaches
  13 goblins
  8 hobgoblins
  15 jackals
  13 kobolds
  4 quokkas
  4 frilled lizards
  7 rats
189 creatures vanquished.

Vanquished Creatures (others)
  A kobold brigand (D:7)
  4 fungi (D:6)
5 creatures vanquished.

Grand Total: 194 creatures vanquished

Notes
Turn   | Place    | Note
-------+----------+-------------------------------------------
     0 | D:1      | purpskrrrp the Troll Fighter began the quest for the Orb.
     0 | D:1      | Reached XP level 1. HP: 22/22 MP: 0/0
    57 | D:1      | Reached XP level 2. HP: 29/29 MP: 1/1
   382 | D:1      | Reached XP level 3. HP: 36/36 MP: 2/2
   979 | D:2      | Reached skill level 3 in Unarmed Combat
  1024 | D:2      | Found a faded altar of an unknown god.
  1181 | D:3      | Reached XP level 4. HP: 39/44 MP: 3/3
  1667 | D:3      | Found a hide-covered altar of Uskayaw.
  1811 | D:3      | Found a hazy altar of Hepliaklqana.
  1811 | D:3      | Noticed a kobold brigand
  1812 | D:3      | Found a faded altar of an unknown god.
  1844 | D:3      | Killed a kobold brigand
  1845 | D:3      | Reached skill level 4 in Unarmed Combat
  1845 | D:3      | Reached XP level 5. HP: 31/50 MP: 4/4
  2110 | D:4      | Noticed a phantom
  2132 | D:4      | Killed a phantom
  2248 | D:4      | Reached XP level 6. HP: 55/59 MP: 5/5
  2314 | D:4      | Noticed Edmund
  2325 | D:4      | Reached skill level 5 in Unarmed Combat
  2336 | D:4      | Killed Edmund
  2800 | D:4      | Reached XP level 7. HP: 66/66 MP: 6/6
  2862 | D:4      | Found a sacrificial altar of Ru.
  3010 | D:5      | Entered Level 5 of the Dungeon
  3044 | D:5      | Reached skill level 6 in Unarmed Combat
  3112 | D:5      | Noticed Menkaure
  3165 | D:5      | Killed Menkaure
  3308 | D:5      | Reached skill level 5 in Shields
  3312 | D:5      | Reached skill level 7 in Unarmed Combat
  3312 | D:5      | Reached XP level 8. HP: 39/74 MP: 7/7
  3458 | D:5      | Noticed Eustachio
  3469 | D:5      | Killed Eustachio
  3550 | D:5      | Found a runed translucent door.
  3551 | D:5      | Noticed Crazy Yiuf
  3765 | D:5      | Killed Crazy Yiuf
  3806 | D:5      | Gained mutation: Your system is resistant to poisons.
                  | (rPois) [potion of mutation]
  3892 | D:6      | Found a shimmering altar of Xom.
  3956 | D:6      | Reached skill level 8 in Unarmed Combat
  4064 | D:6      | Reached skill level 9 in Unarmed Combat
  4084 | D:6      | Reached XP level 9. HP: 81/81 MP: 8/8
  4183 | D:6      | Found an ornate altar of the Wu Jian Council.
  4248 | D:6      | Became a worshipper of the Wu Jian Council
  4470 | D:6      | Reached skill level 10 in Unarmed Combat
  4570 | D:6      | Found a burning altar of Makhleb.
  4887 | D:6      | Lost mutation: Your system is resistant to poisons. (rPois)
                  | [potion of mutation]
  4887 | D:6      | Gained mutation: You sometimes lose your temper in combat.
                  | [potion of mutation]
  4887 | D:6      | Gained mutation: You passively map a small area around you.
                  | [potion of mutation]
  4899 | D:7      | Found a staircase to the Ecumenical Temple.
  4971 | D:7      | Reached skill level 1 in Stealth
  5018 | D:7      | Found Igotzuej's Magic Scroll Shoppe.
  5102 | D:7      | Found a flagged portal.
  5114 | D:7      | Reached * piety under Wu Jian
  5127 | Bailey   | Entered a bailey
  5359 | Bailey   | Reached ** piety under Wu Jian
  5360 | Bailey   | Reached XP level 10. HP: 81/91 MP: 9/9
  5452 | Bailey   | Mangled by an orc warrior

Illustrated notes

Levels and vault maps discovered:
D:1:      mainiacjoe_arrival_reflecting_pool, layout_loops_ring
D:2:      layout_rooms, hellmonk_ecumenical_altar_inner_sanctum
D:3:      layout_loops_ring, beargit_hepliaklqana_dungeon_heroes,
          nicolae_uskayaw_suspiria
D:4:      layout_loops_corners, mainiacjoe_overflow_alcove_4, uniq_edmund
D:5:      layout_basic, uniq_crazy_yiuf_cottage, uniq_eustachio, uniq_menkaure
D:6:      kennysheep_steamy, layout_basic, kennysheep_mini,
          nicolae_overflow_crystal_walls, tgw_xom
D:7:      layout_loops_cross, grunt_gozag_statues, nicolae_ashenzari_skybound,
          temple_green, serial_shops, nicolae_shop_behind_doors, enter_bailey_7,
          amcnicky_mini_corridor_feature
Bailey:   bailey_polearm_flooded_kennysheep, bailey

Skill      XL: |  1  2  3  4  5  6  7  8  9 |
---------------+----------------------------+-----
Shields        | 3 4 5 7 |  7.7
Unarmed Combat | 3 4 5 7 9 10 | 10.8
Dodging        | 3 4 |  4.8
Fighting       | 3 |  3.5
Stealth        | 1 |  1.0

Action                   |  1- 3 |  4- 6 |  7- 9 | 10-12 || total
-------------------------+-------+-------+-------+-------++-------
Melee: Unarmed           |   120 |   176 |   277 |    21 ||   594
Throw: Javelin           |       |       |     3 |       ||     3
Invok: Lunge             |       |       |    20 |     4 ||    24
       Whirlwind         |       |       |     5 |       ||     5
  Use: Scroll            |    10 |     3 |    13 |       ||    26
       Potion            |       |       |     5 |     1 ||     6
 Stab: Distracted        |       |       |     1 |       ||     1
Armor: Robe              |    31 |    28 |     5 |       ||    64
       Steam dragon scal |       |       |    65 |     2 ||    67
Dodge: Dodged            |    36 |    65 |   172 |    19 ||   292
Block: Kite shield       |    37 |    64 |   160 |    17 ||   278
